Monarchs vs Demolitions (R1)

Created - 14 février 2017 at 20:03

Goals
1 2 3 T
Monarchs 0 2 1 3
Demolitions 0 0 1 1
Shots
1 2 3 T
Monarchs 9 11 9 29
Demolitions 3 3 13 19

1st period

No Goal

Penalties :
Riley Cote (MAN) for Tripping (Minor) at 6:39, Taylor Aronson (Vic) for Roughing (Double Minor) at 18:34, Justin Williams (MAN) for Slashing (Minor) at 0:00

2nd period

1. Monarchs , Mika Zibanejad 14 (Johnny Gaudreau, Tom Gilbert) at 6:13
2. Monarchs , Kyle Clifford 25 (Shawn Matthias) at 13:48

Penalties :
Ryan White (MAN) for Hooking (Minor) at 3:48, Zac Rinaldo (MAN) for Slashing (Minor) at 8:30, Bobby Butler (Vic) for Unsportsmanlike conduct (Minor) at 14:13, Alec Martinez (MAN) for Holding (Minor) at 19:20

3rd period

3. Monarchs , Tyler Toffoli 8 (Kyle Clifford) at 14:41 (PP)
4. Demolitions , Matt D'Agostini 22 (Brendon Nash, Nigel Dawes) at 16:17

Penalties :
Nicolas Blanchard (Vic) for High sticking (Minor) at 6:13, Nigel Dawes (Vic) for Holding (Minor) at 14:03, Matt D'Agostini (Vic) for Tripping (Minor) at 18:29

Goalie Stats

Jhonas Enroth (MAN), 18 saves from 19 shots - (0,947), W, 22-9-6, 60:00 minutes
Joe Cannata (Vic), 26 saves from 29 shots - (0,897), L, 1-6-0, 60:00 minutes

Players Stats for Monarchs

Player Name              G  A  P  +/- PIM S  H  SB GA TA FO     MP     PP MP  PK MP  
------------------------------------------------------------------------------------
Alec Martinez            0  0  0   2  2   4  2  2  1  1  0/0    23:52   4:47   2:56 
Alexandre Grenier        0  0  0   0  0   0  0  0  0  0  2/2    13:21   0:00   4:07 
Anthony Peluso           0  0  0   0  0   0  0  0  0  0  0/0     0:10   0:00   0:00 
Johnny Gaudreau          0  1  1   1  0   4  3  0  0  0  0/1    18:19   4:27   1:22 
Justin Faulk             0  0  0   2  0   1  3  2  0  1  0/0    21:29   3:18   1:47 
Justin Williams          0  0  0   0  2   1  1  2  0  0  0/0    16:15   3:41   0:00 
Kyle Clifford            1  1  2   0  0   4  4  0  0  0  2/3    17:37   3:38   2:01 
Mark Stone               0  0  0   0  0   0  0  1  1  0  0/0    14:13   4:27   0:00 
Matt Irwin               0  0  0  -1  0   2  3  0  2  1  0/0    19:41   4:47   0:02 
Matt Tennyson            0  0  0  -1  0   1  1  4  0  1  0/0    23:00   0:00   3:13 
Mika Zibanejad           1  0  1   1  0   2  0  0  0  2  0/0    16:04   3:15   0:59 
Riley Cote               0  0  0   0  2   1  1  0  0  1  2/5    14:48   0:23   3:08 
Ryan White               0  0  0   0  2   1  1  0  1  0  1/2     8:50   0:00   0:00 
Shawn Matthias           0  1  1   0  0   2  1  0  0  0  6/19   18:48   4:27   2:32 
Theo Peckham             0  0  0   0  0   1  0  2  0  0  0/0     8:55   0:00   4:29 
Tom Gilbert              0  1  1   0  0   0  2  0  1  1  0/0    18:49   0:00   3:25 
Tyler McNeely            0  0  0   0  0   1  6  0  0  0  0/0     8:41   0:00   0:00 
Tyler Toffoli            1  0  1   1  0   4  2  0  0  0  5/6    14:01   3:15   0:00 
Zac Rinaldo              0  0  0   0  2   0  2  0  0  1  2/2    13:07   0:00   1:43 

Players Stats for Demolitions

Player Name              G  A  P  +/- PIM S  H  SB GA TA FO     MP     PP MP  PK MP  
------------------------------------------------------------------------------------
Alex Hutchings           0  0  0   0  0   1  0  1  0  0  0/1     9:44   0:02   1:43 
Andrew Campbell          0  0  0  -1  0   1  1  0  0  1  0/0    12:51   0:00   0:00 
Billy Sweat              0  0  0  -1  0   1  1  0  0  0  0/0    11:55   0:13   0:00 
Bobby Butler             0  0  0  -1  2   4  3  1  0  1  6/9    23:35   3:47   3:10 
Brendon Nash             0  1  1   0  0   1  1  1  1  0  0/0    25:41   4:46   4:54 
Cameron Schilling        0  0  0   0  0   0  1  0  0  1  0/0    21:20   3:10   3:11 
Corban Knight            0  0  0  -1  0   1  1  0  0  0  2/6    14:00   0:00   3:15 
Darren Helm              0  0  0  -1  0   0  1  0  1  0  6/13   19:13   3:55   2:28 
David Laliberté          0  0  0  -1  0   1  2  0  0  1  0/0    12:11   0:32   0:00 
Doug Janik               0  0  0   0  0   1  0  2  0  0  0/0    24:39   4:46   4:54 
Matt D'Agostini          1  0  1   1  2   3  1  0  2  0  0/0    16:10   3:48   0:00 
Nick Pryor               0  0  0   0  0   0  0  0  0  0  0/0     7:41   0:00   0:00 
Nicolas Blanchard        0  0  0   1  2   3  0  0  1  1  1/4    16:09   3:48   0:00 
Nigel Dawes              0  1  1   1  2   0  2  1  1  1  1/2    21:51   3:48   3:56 
Nikolai Zherdev          0  0  0   0  0   0  0  0  0  0  0/0     0:00   0:00   0:00 
Ryan Vesce               0  0  0  -1  0   1  0  0  2  0  3/3    18:10   3:55   1:38 
Seth Helgeson            0  0  0   0  0   0  1  0  1  0  0/0    21:20   3:10   3:11 
Taylor Aronson           0  0  0  -1  4   0  0  2  0  0  0/0     6:37   0:00   0:00 
Vince Rocco              0  0  0   0  0   1  0  0  0  0  1/2     6:43   0:00   0:00 

3 Stars

1 - Kyle Clifford (MAN)
2 - Tyler Toffoli (MAN)
3 - Jhonas Enroth (MAN)

Power Play

Monarchs - 1 on 6 Attempt(s) - 16,67%
Demolitions - 0 on 5 Attempt(s) - 0,00%

Penalty Kill

Monarchs - 5 on 5 Attempt(s) - 100,00% - Score 0 goal in Penalty Kill
Demolitions - 5 on 6 Attempt(s) - 83,33% - Score 0 goal in Penalty Kill

Team Stat

Monarchs - Hits : 32 - Faceoff Wins : 20 - Blocked Shots : 13 - Penalty Minutes : 10
Demolitions - Hits : 15 - Faceoff Wins : 20 - Blocked Shots : 8 - Penalty Minutes : 12

Official

Referees : McCauley Wes and Kowal Tom
Linesman : Darren Gibbs and Tim Nowak

Game Notes

Taylor Aronson is injured at 13:44 of 2nd period (Bruised Left Foot)

Finance

Level 1 -- Attendance: 1575 (78,75%) -- Ticket Income 55 125 $
Level 2 -- Attendance: 799 (79,90%) -- Ticket Income 11 985 $
Total Attendance: 2374 (79,13%)
Total Ticket Income: 67 110 $
Other Income: 3 356 $
Total Income: 70 466 $

Monarchs

5 vs 5 Forward 
   Center                   Left Wing                Right Wing               Time % Phy DF OF 
 1 Shawn Matthias           Kyle Clifford            Justin Williams          35     0   2  2  
 2 Tyler Toffoli            Johnny Gaudreau          Mika Zibanejad           30     1   2  2  
 3 Zac Rinaldo              Riley Cote               Mark Stone               25     1   2  2  
 4 Ryan White               Tyler McNeely            Alexandre Grenier        10     1   2  2  

5 vs 5 Defense 
   Defense                  Defense                                           Time % Phy DF OF 
 1 Alec Martinez            Justin Faulk                                      35     0   3  2  
 2 Matt Irwin               Matt Tennyson                                     35     0   3  2  
 3 Matt Tennyson            Tom Gilbert                                       25     1   3  1  
 4 Tom Gilbert              Alec Martinez                                     5      1   3  1  

PowerPlay Forward 
   Center                   Left Wing                Right Wing               Time % Phy DF OF 
 1 Shawn Matthias           Johnny Gaudreau          Mark Stone               60     0   1  4  
 2 Tyler Toffoli            Kyle Clifford            Mika Zibanejad           40     0   1  4  

PowerPlay Defense
   Defense                  Defense                                           Time % Phy DF OF 
 1 Matt Irwin               Alec Martinez                                     60     0   2  3  
 2 Justin Faulk             Justin Williams                                   40     0   2  3  

Penalty Kill 4 Players Forward 
   Center                   Wing                     Time % Phy DF OF 
 1 Riley Cote               Alexandre Grenier        60     1   2  2  
 2 Shawn Matthias           Zac Rinaldo              40     1   2  2  

Penalty Kill 4 Players Defense
   Defense                  Defense                  Time % Phy DF OF 
 1 Alec Martinez            Theo Peckham             60     1   2  2  
 2 Tom Gilbert              Matt Tennyson            40     1   2  2  

Penalty Kill - 3 Players Forward 
   Forward                                           Time % Phy DF OF 
 1 Riley Cote                                        60     1   2  2  
 2 Shawn Matthias                                    40     1   2  2  

Penalty Kill - 3 Players Defense
   Defense                  Defense                  Time % Phy DF OF 
 1 Theo Peckham             Tom Gilbert              60     1   2  2  
 2 Matt Tennyson            Alec Martinez            40     1   2  2  

4 vs 4 Forward 
   Center                   Wing                     Time % Phy DF OF 
 1 Riley Cote               Justin Williams          60     1   2  2  
 2 Shawn Matthias           Johnny Gaudreau          40     1   2  2  

4 vs 4 Defense
   Defense                  Defense                  Time % Phy DF OF 
 1 Matt Irwin               Alec Martinez            60     1   2  2  
 2 Tom Gilbert              Matt Tennyson            40     1   2  2  

Last Minutes Offensive
   Center                   Left Wing                Right Wing               Defense                  Defense                  
   Shawn Matthias           Kyle Clifford            Justin Williams          Justin Faulk             Matt Irwin               

Last Minutes Defensive
   Center                   Left Wing                Right Wing               Defense                  Defense                  
   Shawn Matthias           Riley Cote               Alexandre Grenier        Alec Martinez            Theo Peckham             

Goaltenders
Starting : Jhonas Enroth            
Backup : Andrew Hammond           

Extra Forwards
Normal : Johnny Gaudreau, Zac Rinaldo, Mika Zibanejad - PP : Shawn Matthias, Zac Rinaldo - PK : Kyle Clifford
Extra Defensemen
Normal : Matt Irwin, Justin Faulk, Alec Martinez - PP : Matt Tennyson - PK : Justin Faulk, Matt Irwin
Penalty Shots
Riley Cote, Justin Williams, Matt Irwin, Shawn Matthias, Kyle Clifford

Demolitions

5 vs 5 Forward 
   Center                   Left Wing                Right Wing               Time % Phy DF OF 
 1 Darren Helm              Bobby Butler             Ryan Vesce               40     1   2  2  
 2 Nicolas Blanchard        Nigel Dawes              Matt D'Agostini          30     1   2  2  
 3 Corban Knight            Billy Sweat              David Laliberté          20     1   2  2  
 4 Vince Rocco              Alex Hutchings           Bobby Butler             10     1   2  2  

5 vs 5 Defense 
   Defense                  Defense                                           Time % Phy DF OF 
 1 Brendon Nash             Doug Janik                                        40     1   2  2  
 2 Cameron Schilling        Seth Helgeson                                     30     1   2  2  
 3 Andrew Campbell          Taylor Aronson                                    20     1   2  2  
 4 Nick Pryor               Brendon Nash                                      10     1   2  2  

PowerPlay Forward 
   Center                   Left Wing                Right Wing               Time % Phy DF OF 
 1 Darren Helm              Bobby Butler             Ryan Vesce               60     1   2  2  
 2 Nicolas Blanchard        Nigel Dawes              Matt D'Agostini          40     1   2  2  

PowerPlay Defense
   Defense                  Defense                                           Time % Phy DF OF 
 1 Brendon Nash             Doug Janik                                        60     1   2  2  
 2 Cameron Schilling        Seth Helgeson                                     40     1   2  2  

Penalty Kill 4 Players Forward 
   Center                   Wing                     Time % Phy DF OF 
 1 Bobby Butler             Nigel Dawes              60     1   2  2  
 2 Ryan Vesce               Darren Helm              40     1   2  2  

Penalty Kill 4 Players Defense
   Defense                  Defense                  Time % Phy DF OF 
 1 Brendon Nash             Doug Janik               60     1   2  2  
 2 Cameron Schilling        Seth Helgeson            40     1   2  2  

Penalty Kill - 3 Players Forward 
   Forward                                           Time % Phy DF OF 
 1 Bobby Butler                                      60     1   2  2  
 2 Nigel Dawes                                       40     1   2  2  

Penalty Kill - 3 Players Defense
   Defense                  Defense                  Time % Phy DF OF 
 1 Brendon Nash             Doug Janik               60     1   2  2  
 2 Cameron Schilling        Seth Helgeson            40     1   2  2  

4 vs 4 Forward 
   Center                   Wing                     Time % Phy DF OF 
 1 Bobby Butler             Nigel Dawes              60     1   2  2  
 2 Ryan Vesce               Darren Helm              40     1   2  2  

4 vs 4 Defense
   Defense                  Defense                  Time % Phy DF OF 
 1 Brendon Nash             Doug Janik               60     1   2  2  
 2 Cameron Schilling        Seth Helgeson            40     1   2  2  

Last Minutes Offensive
   Center                   Left Wing                Right Wing               Defense                  Defense                  
   Darren Helm              Bobby Butler             Ryan Vesce               Brendon Nash             Doug Janik               

Last Minutes Defensive
   Center                   Left Wing                Right Wing               Defense                  Defense                  
   Darren Helm              Bobby Butler             Ryan Vesce               Brendon Nash             Doug Janik               

Goaltenders
Starting : Joe Cannata              
Backup : Jussi Rynnas             

Extra Forwards
Normal : David Laliberté, Billy Sweat, Corban Knight - PP : David Laliberté, Billy Sweat - PK : Corban Knight
Extra Defensemen
Normal : Andrew Campbell, Taylor Aronson, Nick Pryor - PP : Andrew Campbell - PK : Taylor Aronson, Nick Pryor
Penalty Shots
Bobby Butler, Nigel Dawes, Ryan Vesce, Darren Helm, Matt D'Agostini

% Time on Ice - Monarchs

Lines # - Real PCT - Wanted PCT - Time Play
Normal Forward
1 - 29% - 35% - 12:16
2 - 26% - 30% - 11:07
3 - 24% - 25% - 9:55
4 - 21% - 10% - 8:41
Normal Defense
1 - 37% - 35% - 15:25
2 - 33% - 35% - 14:00
3 - 23% - 25% - 9:35
4 - 7% - 5% - 2:59
PP Forward
1 - 60% - 60% - 4:50
2 - 40% - 40% - 3:15
PP Defense
1 - 59% - 60% - 4:47
2 - 41% - 40% - 3:18
PK Forward
1 - 68% - 60% - 5:24
2 - 32% - 40% - 2:32
PK Defense
1 - 57% - 60% - 4:31
2 - 43% - 40% - 3:25
PK3 Forward
1 - 0% - 60%
2 - 0% - 40%
PK3 Defense
1 - 0% - 60%
2 - 0% - 40%
44 Forward
1 - 100% - 60% - 2:00
2 - 0% - 40% - 0:00
44 Defense
1 - 52% - 60% - 1:02
2 - 48% - 40% - 0:58
Last Minute Offensive  - 0:00
Last Minute Defensive  - 0:00
Total
Forward - 60:00
Defense - 60:00

% Time on Ice - Demolitions

Lines # - Real PCT - Wanted PCT - Time Play
Normal Forward
1 - 30% - 40% - 12:30
2 - 30% - 30% - 12:32
3 - 24% - 20% - 10:14
4 - 16% - 10% - 6:43
Normal Defense
1 - 30% - 40% - 12:42
2 - 34% - 30% - 14:18
3 - 30% - 20% - 12:38
4 - 6% - 10% - 2:21
PP Forward
1 - 52% - 60% - 4:08
2 - 48% - 40% - 3:48
PP Defense
1 - 60% - 60% - 4:46
2 - 40% - 40% - 3:10
PK Forward
1 - 80% - 60% - 6:27
2 - 20% - 40% - 1:38
PK Defense
1 - 61% - 60% - 4:54
2 - 39% - 40% - 3:11
PK3 Forward
1 - 0% - 60%
2 - 0% - 40%
PK3 Defense
1 - 0% - 60%
2 - 0% - 40%
44 Forward
1 - 80% - 60% - 1:36
2 - 20% - 40% - 0:24
44 Defense
1 - 66% - 60% - 1:19
2 - 34% - 40% - 0:41
Last Minute Offensive  - 0:00
Last Minute Defensive  - 0:00
Total
Forward - 60:00
Defense - 60:00

Play by Play

1st period


0:01 of 1st period - Shawn Matthias wins face-off versus Darren Helm in neutral zone.
0:46 of 1st period - Snap shot by Tyler Toffoli.
0:46 of 1st period - Stopped by Joe Cannata with a rebound.
0:52 of 1st period - Snap shot by Justin Faulk.
0:52 of 1st period - Stopped by Joe Cannata with a rebound.
0:54 of 1st period - Snap shot by Riley Cote.
0:54 of 1st period - Shot Misses the Net.
1:12 of 1st period - Snap shot by Vince Rocco.
1:12 of 1st period - Shot Blocked by Matt Tennyson.
1:30 of 1st period - Snap shot by Matt Irwin.
1:30 of 1st period - Stopped by Joe Cannata with a rebound.
1:32 of 1st period - Wrist shot by Matt Tennyson.
1:32 of 1st period - Stopped by Joe Cannata without a rebound.
1:33 of 1st period - Kyle Clifford wins face-off versus Nicolas Blanchard in Demolitions zone.
1:36 of 1st period - Snap shot by Justin Williams.
1:36 of 1st period - Shot Blocked by Taylor Aronson.
1:42 of 1st period - Wrist shot by Justin Williams.
1:42 of 1st period - Stopped by Joe Cannata with a rebound.
1:58 of 1st period - Nicolas Blanchard is hit by Matt Irwin and loses puck.
2:14 of 1st period - Snap shot by Nigel Dawes.
2:14 of 1st period - Shot Hit the Post.
2:29 of 1st period - Slapshot by Brendon Nash.
2:29 of 1st period - Shot Misses the Net.
3:21 of 1st period - Wrist shot by Bobby Butler.
3:21 of 1st period - Stopped by Jhonas Enroth with a rebound.
3:23 of 1st period - Slapshot by Brendon Nash.
3:23 of 1st period - Stopped by Jhonas Enroth with a rebound.
3:37 of 1st period - Slapshot by Riley Cote.
3:37 of 1st period - Shot Misses the Net.
3:42 of 1st period - Off-side.
3:43 of 1st period - Corban Knight wins face-off versus Shawn Matthias in neutral zone.
3:59 of 1st period - Snap shot by Justin Williams.
3:59 of 1st period - Shot Misses the Net.
4:42 of 1st period - Slapshot by Ryan White.
4:42 of 1st period - Shot Blocked by Taylor Aronson.
4:44 of 1st period - Slapshot by Tom Gilbert.
4:44 of 1st period - Shot Misses the Net.
5:15 of 1st period - Vince Rocco is hit by Matt Irwin.
6:13 of 1st period - Matt Tennyson is hit by Brendon Nash and loses puck.
6:39 of 1st period - Minor Penalty to Riley Cote for Tripping.
6:40 of 1st period - Nicolas Blanchard wins face-off versus Kyle Clifford in Monarchs zone.
6:41 of 1st period - Wrist shot by Matt D'Agostini.
6:41 of 1st period - Stopped by Jhonas Enroth with a rebound.
6:43 of 1st period - Wrist shot by Matt D'Agostini.
6:43 of 1st period - Shot Misses the Net.
6:45 of 1st period - Snap shot by Nigel Dawes.
6:45 of 1st period - Shot Blocked by Matt Tennyson.
8:39 of 1st period - Penalty to Riley Cote is over, Riley Cote is back on ice.
8:40 of 1st period - Shawn Matthias is hit by David Laliberté and loses puck.
8:53 of 1st period - Brendon Nash is hit by Tyler Toffoli and loses puck.
9:30 of 1st period - Nigel Dawes is hit by Justin Williams and loses puck.
10:21 of 1st period - Taylor Aronson is hit by Tyler McNeely and loses puck.
10:42 of 1st period - Theo Peckham is hit by Andrew Campbell and loses puck.
12:31 of 1st period - Justin Faulk is hit by Bobby Butler and loses puck.
14:04 of 1st period - Snap shot by Matt Irwin.
14:04 of 1st period - Shot Misses the Net.
14:18 of 1st period - Wrist shot by Johnny Gaudreau.
14:18 of 1st period - Stopped by Joe Cannata without a rebound.
14:19 of 1st period - Tyler Toffoli wins face-off versus Alex Hutchings in Demolitions zone.
14:22 of 1st period - Snap shot by Tyler Toffoli.
14:22 of 1st period - Shot Misses the Net.
14:24 of 1st period - Slapshot by Alec Martinez.
14:24 of 1st period - Stopped by Joe Cannata with a rebound.
14:26 of 1st period - Wrist shot by Tyler Toffoli.
14:26 of 1st period - Stopped by Joe Cannata without a rebound.
14:27 of 1st period - Darren Helm wins face-off versus Shawn Matthias in Demolitions zone.
14:27 of 1st period - Darren Helm is hit by Kyle Clifford.
14:51 of 1st period - Nicolas Blanchard is hit by Tom Gilbert and loses puck.
15:12 of 1st period - Justin Faulk is hit by Cameron Schilling and loses puck.
15:19 of 1st period - Corban Knight is hit by Zac Rinaldo and loses puck.
15:55 of 1st period - Off-side.
15:56 of 1st period - Tyler Toffoli wins face-off versus Nicolas Blanchard in neutral zone.
16:06 of 1st period - Nicolas Blanchard is hit by Justin Faulk and loses puck.
16:11 of 1st period - Slapshot by Johnny Gaudreau.
16:11 of 1st period - Stopped by Joe Cannata with a rebound.
16:21 of 1st period - Corban Knight is hit by Kyle Clifford and loses puck.
17:04 of 1st period - Wrist shot by Vince Rocco.
17:04 of 1st period - Shot Blocked by Matt Tennyson.
17:26 of 1st period - Matt D'Agostini is hit by Matt Tennyson and loses puck.
17:39 of 1st period - Justin Williams is hit by Seth Helgeson and loses puck.
17:58 of 1st period - Seth Helgeson is hit by Tyler McNeely and loses puck.
18:34 of 1st period - Double Minor Penalty to Taylor Aronson for Roughing.
18:35 of 1st period - Bobby Butler wins face-off versus Shawn Matthias in Demolitions zone.
18:35 of 1st period - Bobby Butler is hit by Johnny Gaudreau.
19:01 of 1st period - Corban Knight is hit by Kyle Clifford and loses puck.
19:06 of 1st period - Slapshot by Matt Irwin.
19:06 of 1st period - Shot Blocked by Doug Janik.
19:08 of 1st period - Slapshot by Alec Martinez.
19:08 of 1st period - Shot Misses the Net.
19:10 of 1st period - Slapshot by Kyle Clifford.
19:10 of 1st period - Shot Blocked by Nigel Dawes.
19:26 of 1st period - Snap shot by Ryan Vesce.
19:26 of 1st period - Shot Misses the Net.
Goals for this period are 0 for Monarchs vs 0 for Demolitions.
Shots for this period are 9 for Monarchs vs 3 for Demolitions.
0:00 of 2nd period - Minor Penalty to Justin Williams for Slashing.

2nd period


0:01 of 2nd period - Riley Cote wins face-off versus Bobby Butler in neutral zone.
0:08 of 2nd period - Slapshot by Riley Cote.
0:08 of 2nd period - Shot Misses the Net.
0:10 of 2nd period - Snap shot by Riley Cote.
0:10 of 2nd period - Stopped by Joe Cannata with a rebound.
0:12 of 2nd period - Wrist shot by Justin Williams.
0:12 of 2nd period - Shot Misses the Net.
0:14 of 2nd period - Slapshot by Alec Martinez.
0:14 of 2nd period - Stopped by Joe Cannata without a rebound.
0:15 of 2nd period - Bobby Butler wins face-off versus Riley Cote in Demolitions zone.
0:20 of 2nd period - Snap shot by Riley Cote.
0:20 of 2nd period - Deflect By Johnny Gaudreau.
0:20 of 2nd period - Shot Blocked by Brendon Nash.
0:20 of 2nd period - Puck is out of play.
0:21 of 2nd period - Riley Cote wins face-off versus Nigel Dawes in Demolitions zone.
2:00 of 2nd period - Penalty to Justin Williams is over, Justin Williams is back on ice.
2:27 of 2nd period - Off-side.
2:28 of 2nd period - Ryan Vesce wins face-off versus Shawn Matthias in neutral zone.
2:34 of 2nd period - Penalty to Taylor Aronson is over, Taylor Aronson is back on ice.
2:35 of 2nd period - Wrist shot by Ryan Vesce.
2:35 of 2nd period - Stopped by Jhonas Enroth with a rebound.
2:51 of 2nd period - Ryan White is hit by David Laliberté.
3:48 of 2nd period - Minor Penalty to Ryan White for Hooking.
3:49 of 2nd period - Darren Helm wins face-off versus Riley Cote in Monarchs zone.
5:48 of 2nd period - Penalty to Ryan White is over, Ryan White is back on ice.
5:57 of 2nd period - Icing by Tom Gilbert.
5:58 of 2nd period - Shawn Matthias wins face-off versus Corban Knight in Monarchs zone.
6:07 of 2nd period - Wrist shot by Johnny Gaudreau.
6:07 of 2nd period - Stopped by Joe Cannata with a rebound.
6:09 of 2nd period - Wrist shot by Mika Zibanejad.
6:09 of 2nd period - Shot Misses the Net.
6:11 of 2nd period - Wrist shot by Mika Zibanejad.
6:11 of 2nd period - Stopped by Joe Cannata with a rebound.
6:13 of 2nd period - Snap shot by Mika Zibanejad.
6:13 of 2nd period - Goal by Mika Zibanejad - Monarchs : 1 - Demolitions : 0.
6:14 of 2nd period - Darren Helm wins face-off versus Shawn Matthias in neutral zone.
6:23 of 2nd period - Slapshot by Bobby Butler.
6:23 of 2nd period - Shot Misses the Net.
6:25 of 2nd period - Snap shot by Bobby Butler.
6:25 of 2nd period - Shot Misses the Net.
6:27 of 2nd period - Slapshot by Darren Helm.
6:27 of 2nd period - Shot Blocked by Justin Faulk.
6:29 of 2nd period - Snap shot by Bobby Butler.
6:29 of 2nd period - Shot Blocked by Alec Martinez.
7:02 of 2nd period - Matt Irwin is hit by Bobby Butler and loses puck.
7:27 of 2nd period - Cameron Schilling is hit by Tyler McNeely and loses puck.
8:00 of 2nd period - Slapshot by Shawn Matthias.
8:00 of 2nd period - Stopped by Joe Cannata with a rebound.
8:30 of 2nd period - Minor Penalty to Zac Rinaldo for Slashing.
8:31 of 2nd period - Alexandre Grenier wins face-off versus Darren Helm in Monarchs zone.
10:30 of 2nd period - Penalty to Zac Rinaldo is over, Zac Rinaldo is back on ice.
10:43 of 2nd period - David Laliberté is hit by Zac Rinaldo and loses puck.
11:53 of 2nd period - Andrew Campbell is hit by Tyler McNeely and loses puck.
13:43 of 2nd period - Taylor Aronson is hit by Tyler McNeely.
13:44 of 2nd period - Taylor Aronson from Demolitions is injured at 13:44 of 2nd period (Bruised Left Foot).
13:45 of 2nd period - Shawn Matthias wins face-off versus Darren Helm in Demolitions zone.
13:46 of 2nd period - Snap shot by Kyle Clifford.
13:46 of 2nd period - Stopped by Joe Cannata with a rebound.
13:48 of 2nd period - Wrist shot by Kyle Clifford.
13:48 of 2nd period - Goal by Kyle Clifford - Monarchs : 2 - Demolitions : 0.
13:49 of 2nd period - Shawn Matthias wins face-off versus Darren Helm in neutral zone.
13:55 of 2nd period - Icing by Darren Helm.
13:56 of 2nd period - Darren Helm wins face-off versus Shawn Matthias in Demolitions zone.
14:01 of 2nd period - Justin Williams is hit by Darren Helm and loses puck.
14:13 of 2nd period - Minor Penalty to Bobby Butler for Unsportsmanlike conduct.
14:14 of 2nd period - Shawn Matthias wins face-off versus Corban Knight in Demolitions zone.
14:50 of 2nd period - Doug Janik is hit by Matt Irwin and loses puck.
15:38 of 2nd period - Icing by Matt Irwin.
15:39 of 2nd period - Darren Helm wins face-off versus Shawn Matthias in Monarchs zone.
16:13 of 2nd period - Penalty to Bobby Butler is over, Bobby Butler is back on ice.
16:24 of 2nd period - Slapshot by Justin Williams.
16:24 of 2nd period - Deflect By Tyler McNeely.
16:24 of 2nd period - Stopped by Joe Cannata without a rebound.
16:25 of 2nd period - Darren Helm wins face-off versus Ryan White in Demolitions zone.
16:36 of 2nd period - Slapshot by Matt Irwin.
16:36 of 2nd period - Stopped by Joe Cannata without a rebound.
16:37 of 2nd period - Tyler Toffoli wins face-off versus Nicolas Blanchard in Demolitions zone.
16:44 of 2nd period - Wrist shot by Nigel Dawes.
16:44 of 2nd period - Shot Misses the Net.
17:59 of 2nd period - Snap shot by Vince Rocco.
17:59 of 2nd period - Stopped by Jhonas Enroth with a rebound.
18:17 of 2nd period - Slapshot by Brendon Nash.
18:17 of 2nd period - Shot Blocked by Justin Williams.
18:19 of 2nd period - Wrist shot by David Laliberté.
18:19 of 2nd period - Stopped by Jhonas Enroth with a rebound.
18:21 of 2nd period - Snap shot by Corban Knight.
18:21 of 2nd period - Shot Blocked by Justin Williams.
18:31 of 2nd period - Matt D'Agostini is hit by Ryan White.
19:12 of 2nd period - Off-side.
19:13 of 2nd period - Vince Rocco wins face-off versus Shawn Matthias in neutral zone.
19:18 of 2nd period - Wrist shot by Bobby Butler.
19:18 of 2nd period - Shot Blocked by Justin Faulk.
19:20 of 2nd period - Minor Penalty to Alec Martinez for Holding.
19:21 of 2nd period - Alexandre Grenier wins face-off versus Darren Helm in Monarchs zone.
19:32 of 2nd period - Slapshot by Riley Cote.
19:32 of 2nd period - Shot Misses the Net.
19:34 of 2nd period - Wrist shot by Alexandre Grenier.
19:34 of 2nd period - Shot Misses the Net.
19:36 of 2nd period - Slapshot by Theo Peckham.
19:36 of 2nd period - Stopped by Joe Cannata with a rebound.
Goals for this period are 2 for Monarchs vs 0 for Demolitions.
Shots for this period are 11 for Monarchs vs 3 for Demolitions.

3rd period


0:01 of 3rd period - Ryan Vesce wins face-off versus Riley Cote in neutral zone.
0:06 of 3rd period - Slapshot by Brendon Nash.
0:06 of 3rd period - Shot Blocked by Theo Peckham.
0:34 of 3rd period - Slapshot by Doug Janik.
0:34 of 3rd period - Shot Blocked by Theo Peckham.
0:36 of 3rd period - Slapshot by Doug Janik.
0:36 of 3rd period - Stopped by Jhonas Enroth with a rebound.
1:15 of 3rd period - Wrist shot by Tom Gilbert.
1:15 of 3rd period - Deflect By Johnny Gaudreau.
1:15 of 3rd period - Stopped by Joe Cannata with a rebound.
1:20 of 3rd period - Penalty to Alec Martinez is over, Alec Martinez is back on ice.
1:33 of 3rd period - Johnny Gaudreau is hit by Billy Sweat and loses puck.
1:38 of 3rd period - Wrist shot by Billy Sweat.
1:38 of 3rd period - Shot Blocked by Matt Tennyson.
2:07 of 3rd period - Matt D'Agostini is hit by Alec Martinez and loses puck.
3:23 of 3rd period - Brendon Nash is hit by Tyler Toffoli and loses puck.
3:54 of 3rd period - Wrist shot by Justin Williams.
3:54 of 3rd period - Shot Misses the Net.
3:56 of 3rd period - Wrist shot by Shawn Matthias.
3:56 of 3rd period - Shot Misses the Net.
4:06 of 3rd period - Doug Janik is hit by Tom Gilbert and loses puck.
4:27 of 3rd period - Mika Zibanejad is hit by Nigel Dawes.
4:40 of 3rd period - Slapshot by Billy Sweat.
4:40 of 3rd period - Stopped by Jhonas Enroth without a rebound.
4:41 of 3rd period - Ryan White wins face-off versus Corban Knight in Monarchs zone.
5:05 of 3rd period - Ryan Vesce is hit by Alec Martinez and loses puck.
5:20 of 3rd period - Snap shot by Nicolas Blanchard.
5:20 of 3rd period - Stopped by Jhonas Enroth with a rebound.
5:22 of 3rd period - Wrist shot by Nicolas Blanchard.
5:22 of 3rd period - Stopped by Jhonas Enroth without a rebound.
5:23 of 3rd period - Tyler Toffoli wins face-off versus Darren Helm in Monarchs zone.
5:30 of 3rd period - Darren Helm is hit by Johnny Gaudreau and loses puck.
5:35 of 3rd period - Backhand shot by Johnny Gaudreau.
5:35 of 3rd period - Shot Misses the Net.
5:37 of 3rd period - Snap shot by Tyler Toffoli.
5:37 of 3rd period - Deflect By Seth Helgeson.
5:37 of 3rd period - Stopped by Joe Cannata with a rebound.
6:13 of 3rd period - Minor Penalty to Nicolas Blanchard for High sticking.
6:14 of 3rd period - Bobby Butler wins face-off versus Johnny Gaudreau in Demolitions zone.
6:14 of 3rd period - Bobby Butler is hit by Shawn Matthias.
6:49 of 3rd period - Backhand shot by Alec Martinez.
6:49 of 3rd period - Stopped by Joe Cannata with a rebound.
8:04 of 3rd period - Corban Knight is hit by Justin Faulk and loses puck.
8:13 of 3rd period - Penalty to Nicolas Blanchard is over, Nicolas Blanchard is back on ice.
9:15 of 3rd period - Snap shot by Matt D'Agostini.
9:15 of 3rd period - Shot Misses the Net.
9:42 of 3rd period - Matt Irwin is hit by Corban Knight and loses puck.
10:47 of 3rd period - Wrist shot by Kyle Clifford.
10:47 of 3rd period - Stopped by Joe Cannata with a rebound.
13:11 of 3rd period - Corban Knight is hit by Tyler McNeely.
13:27 of 3rd period - Andrew Campbell is hit by Johnny Gaudreau and loses puck.
14:03 of 3rd period - Minor Penalty to Nigel Dawes for Holding.
14:04 of 3rd period - Corban Knight wins face-off versus Shawn Matthias in Demolitions zone.
14:13 of 3rd period - Slapshot by Matt Irwin.
14:13 of 3rd period - Deflect By Shawn Matthias.
14:13 of 3rd period - Shot Misses the Net.
14:13 of 3rd period - Puck is out of play.
14:14 of 3rd period - Bobby Butler wins face-off versus Shawn Matthias in Demolitions zone.
14:23 of 3rd period - Wrist shot by Bobby Butler.
14:23 of 3rd period - Stopped by Jhonas Enroth with a rebound.
14:25 of 3rd period - Slapshot by Bobby Butler.
14:25 of 3rd period - Shot Blocked by Mark Stone.
14:27 of 3rd period - Backhand shot by Bobby Butler.
14:27 of 3rd period - Shot Misses the Net.
14:29 of 3rd period - Wrist shot by Corban Knight.
14:29 of 3rd period - Deflect By Matt Irwin.
14:29 of 3rd period - Stopped by Jhonas Enroth with a rebound.
14:39 of 3rd period - Snap shot by Matt Irwin.
14:39 of 3rd period - Deflect By Kyle Clifford.
14:39 of 3rd period - Shot Blocked by Alex Hutchings.
14:39 of 3rd period - Puck is out of play.
14:40 of 3rd period - Kyle Clifford wins face-off versus Bobby Butler in Demolitions zone.
14:41 of 3rd period - Wrist shot by Tyler Toffoli.
14:41 of 3rd period - Goal by Tyler Toffoli - Monarchs : 3 - Demolitions : 0.
14:42 of 3rd period - Shawn Matthias wins face-off versus Darren Helm in neutral zone.
14:45 of 3rd period - Darren Helm is hit by Kyle Clifford and loses puck.
14:54 of 3rd period - Wrist shot by Justin Williams.
14:54 of 3rd period - Shot Blocked by Bobby Butler.
14:56 of 3rd period - Wrist shot by Kyle Clifford.
14:56 of 3rd period - Deflect By Justin Williams.
14:56 of 3rd period - Shot Misses the Net.
14:56 of 3rd period - Puck is out of play.
14:57 of 3rd period - Tyler Toffoli wins face-off versus Bobby Butler in Demolitions zone.
15:22 of 3rd period - Tom Gilbert is hit by Matt D'Agostini and loses puck.
15:27 of 3rd period - Slapshot by Matt D'Agostini.
15:27 of 3rd period - Stopped by Jhonas Enroth with a rebound.
15:45 of 3rd period - Slapshot by Seth Helgeson.
15:45 of 3rd period - Deflect By Alex Hutchings.
15:45 of 3rd period - Stopped by Jhonas Enroth without a rebound.
15:46 of 3rd period - Zac Rinaldo wins face-off versus Vince Rocco in Monarchs zone.
15:57 of 3rd period - Wrist shot by Bobby Butler.
15:57 of 3rd period - Stopped by Jhonas Enroth with a rebound.
15:59 of 3rd period - Wrist shot by Vince Rocco.
15:59 of 3rd period - Deflect By Bobby Butler.
15:59 of 3rd period - Stopped by Jhonas Enroth with a rebound.
16:01 of 3rd period - Backhand shot by Alex Hutchings.
16:01 of 3rd period - Deflect By Bobby Butler.
16:01 of 3rd period - Deflect By Riley Cote.
16:01 of 3rd period - Shot Blocked by Alec Martinez.
16:01 of 3rd period - Puck is out of play.
16:02 of 3rd period - Nigel Dawes wins face-off versus Shawn Matthias in Monarchs zone.
16:15 of 3rd period - Snap shot by Brendon Nash.
16:15 of 3rd period - Shot Misses the Net.
16:17 of 3rd period - Snap shot by Matt D'Agostini.
16:17 of 3rd period - Goal by Matt D'Agostini - Monarchs : 3 - Demolitions : 1.
16:18 of 3rd period - Zac Rinaldo wins face-off versus Corban Knight in neutral zone.
16:45 of 3rd period - Justin Williams is hit by Bobby Butler and loses puck.
16:52 of 3rd period - Slapshot by Ryan Vesce.
16:52 of 3rd period - Shot Hit the Post.
17:06 of 3rd period - Johnny Gaudreau is hit by Nigel Dawes and loses puck.
17:13 of 3rd period - Snap shot by Nicolas Blanchard.
17:13 of 3rd period - Stopped by Jhonas Enroth with a rebound.
17:15 of 3rd period - Slapshot by Andrew Campbell.
17:15 of 3rd period - Stopped by Jhonas Enroth with a rebound.
17:29 of 3rd period - Snap shot by Ryan White.
17:29 of 3rd period - Stopped by Joe Cannata with a rebound.
17:47 of 3rd period - David Laliberté is hit by Riley Cote and loses puck.
18:29 of 3rd period - Minor Penalty to Matt D'Agostini for Tripping.
18:30 of 3rd period - Bobby Butler wins face-off versus Shawn Matthias in Demolitions zone.
18:36 of 3rd period - Snap shot by Shawn Matthias.
18:36 of 3rd period - Deflect By Brendon Nash.
18:36 of 3rd period - Stopped by Joe Cannata without a rebound.
18:37 of 3rd period - Bobby Butler wins face-off versus Shawn Matthias in Demolitions zone.
18:46 of 3rd period - Snap shot by Johnny Gaudreau.
18:46 of 3rd period - Shot Blocked by Doug Janik.
18:48 of 3rd period - Snap shot by Alec Martinez.
18:48 of 3rd period - Shot Misses the Net.
18:50 of 3rd period - Slapshot by Alec Martinez.
18:50 of 3rd period - Stopped by Joe Cannata with a rebound.
19:10 of 3rd period - Snap shot by Kyle Clifford.
19:10 of 3rd period - Stopped by Joe Cannata without a rebound.
19:11 of 3rd period - Ryan Vesce wins face-off versus Tyler Toffoli in Demolitions zone.
19:35 of 3rd period - Bobby Butler is hit by Justin Faulk and loses puck.
Goals for this period are 1 for Monarchs vs 1 for Demolitions.
Shots for this period are 9 for Monarchs vs 13 for Demolitions.